 Dungeon Sprint DCSS version 0.30-a0-540-g0af01429fa (webtiles) character file.

Game seed: 14006194405213573169

31153 rocky1 the Unseen (level 13, -13/130 HPs)
             Began as a Naga Warper on Dec 26, 2022.
             Was a High Priest of Cheibriados.
             Shot with a bolt by a yaktaur captain (36 damage)
             ... in the Dungeon (Sprint VII: "The Pits").
             The game lasted 00:15:29 (3359 turns).

rocky1 the Unseen (Naga Warper)                     Turns: 3359, Time: 00:15:29

Health: -13/130    AC: 13    Str: 27    XL:     13   Next: 56%
Magic:  14/25      EV: 16    Int: 30    God:    Cheibriados [*****.]
Gold:   33         SH:  0    Dex: 25    Spells: 19/34 levels left

rFire   + . .      SeeInvis +    a - +2 halberd (protect)
rCold   . . .      Faith    .    (shield currently unavailable)
rNeg    . . .      Spirit   .    p - +5 ring mail
rPois   +          Reflect  .    (no helmet)
rElec   .          Harm     .    (no cloak)
rCorr   .          Rampage  .    (no gloves)
Will    +....      NoTele   +    (no barding)
Stlth   ++++++++                 (no amulet)
HPRegen 0.41/turn                z - ring of protection from fire
MPRegen 0.19/turn                E - ring "Vemmaako" {SInv Stlth+}

@: very slow
A: AC +4, large, see invisible, deformed body, poison resistance, slowness 2,
spit poison 1, naga tail 2, low MP 1
a: Spit Poison, Renounce Religion, Bend Time, Temporal Distortion, Slouch, Step
From Time


You were in the Dungeon.
You worshipped Cheibriados.
Cheibriados was extremely pleased with you.
You visited 1 branch You collected 33 gold pieces.

Inventory:

Hand Weapons
 a - a +2 halberd of protection (weapon)
 b - a +2 rapier of venom
 m - a +2 trident
 q - the +2 scimitar "Sovu" {venom, rN++}
   (You found it in the Dungeon)

   It poisons the flesh of those it strikes.
   rN:        It greatly protects you from negative energy.
 r - a +1 vorpal trident
 C - a +0 scimitar of flaming
Missiles
 d - 7 boomerangs of dispersal (quivered)
Armour
 p - a +5 ring mail (worn)
Jewellery
 g - a +3 ring of dexterity
 n - a +3 ring of intelligence
 s - the amulet "Unuuh" {Spirit rC- rCorr Str+5 Stlth-}
   (You found it in the Dungeon)

   [amulet of guardian spirit]

   It causes incoming damage to be divided between your reserves of health and
   magic.
   Str:       It affects your strength (+5).
   rC:        It makes you vulnerable to cold.
   rCorr:     It protects you from acid and corrosion.
   Stlth:     It makes you less stealthy.
 z - a ring of protection from fire (left hand)
 E - the ring "Vemmaako" (right hand) {SInv Stlth+}
   (You found it in the Dungeon)

   [ring of see invisible]

   SInv:      It lets you see invisible.
   Stlth:     It makes you more stealthy.
Wands
 B - a wand of iceblast (8)
Scrolls
 c - 3 scrolls of blinking
 k - 5 scrolls of amnesia
 l - a scroll of summoning
 w - 4 scrolls of fear
 x - 2 scrolls of fog
 y - 3 scrolls of enchant armour
Potions
 e - 7 potions of curing
 f - 13 potions of heal wounds
 h - 2 potions of magic
 i - a potion of berserk rage
 j - 2 potions of invisibility
 o - a potion of brilliance
 t - a potion of might
 u - 2 potions of resistance
 v - a potion of mutation
 A - a potion of ambrosia
Miscellaneous
 D - a phial of floods


   Skills:
 + Level 12.7 Fighting
 - Level 5.9 Short Blades
 - Level 16.0 Polearms
 - Level 0.8 Throwing
 + Level 8.4 Armour
 + Level 8.6 Dodging
 - Level 18.7 Stealth
 + Level 11.3 Spellcasting
 - Level 9.9 Translocations
 - Level 8.2 Air Magic
 + Level 17.4 Invocations


You had 19 spell levels left.
You knew the following spells:

 Your Spells              Type           Power      Damage    Failure   Level
a - Blink                 Tloc           100%       N/A       1%          2
b - Vhi's Electric Charg  Tloc/Air       100%       N/A       1%          3
c - Manifold Assault      Tloc           67%        N/A       1%          4
d - Lesser Beckoning      Tloc           100%       N/A       1%          3
e - Teleport Other        Tloc           67%        N/A       1%          3

Your spell library contained the following spells:

 Spells                   Type           Power      Damage    Failure   Level


Dungeon Overview and Level Annotations

Branches:
Dungeon (1/1)

Altars:
Ashenzari
Cheibriados
Dithmenos
Elyvilon
Fedhas
Gozag
Hepliaklqana
Kikubaaqudgha
Makhleb
Nemelex Xobeh
Okawaru
Qazlal
Ru
Sif Muna
Trog
Uskayaw
Vehumet
Wu Jian
Xom
Yredelemnul
Zin
The Shining One
Jiyva
Lugonu


Innate Abilities, Weirdness & Mutations

Your serpentine skin is tough. (AC +4)
You have supernaturally acute eyesight. (SInv)
Armour fits poorly on your strangely shaped body.
Your system is resistant to poisons. (rPois)
You cover ground very slowly.
You can spit poison.
You can use your snake-like lower body to constrict enemies.
Your magical capacity is low. (-10% MP)


Message History

Cheibriados lowers the support of your attributes as your movement quickens.
The frost giant casts a spell at you. The bolt of cold misses you.
Unknown command.
You are too injured to fight recklessly!
You are too injured to fight recklessly!
The frost giant casts a spell at you. The bolt of cold misses you.
A yaktaur captain comes into view.
You hit the frost giant but do no damage.
Your weapon exudes an aura of protection.
The frost giant is heavily wounded.
The frost giant gestures at you while chanting.
The bolt of cold hits you!!
* * * LOW HITPOINT WARNING * * *
A yaktaur comes into view.
Unknown command.
You feel much better.
A vault guard comes into view. It is wielding a +2 war axe of flaming.
The frost giant closely misses you.
Unknown command.
Okay, then.
Blink to where?
Press: ? - help, Dir - move target
As you read the scroll of blinking, it crumbles to dust.
Blink to where?
Press: ? - help, Dir - move target
Okay, then.
Magic courses through your body.
The frost giant gestures at you while chanting.
The bolt of cold hits you!!
* * * LOW HITPOINT WARNING * * *
Unknown command.
Activating: Slouch (0% risk of failure)
Press: ? - help, Dir - look around, f - activate You can feel time thicken for a moment.
Cheibriados lowers the support of your attributes as your movement quickens.
The yaktaur captain wields a +0 arbalest.
The yaktaur captain shoots a bolt.
The bolt hits you!!!
You die...

...# ...# #..# ...+ ...+ #''#
#''##############################
#.................).)............
#............).)@...).).)........
#..##############''##############
#..# #..c...# # #..# #...c).# #
#..# #.c))..# # #..# ###))### #
#..# )).. # #..# .))... # #..#
#.)..## #


You could see a yaktaur captain and a yaktaur.

Vanquished Creatures
  An ancient lich (D)
  An emperor scorpion (D)
  2 orc warlords (D)
  An eidolon (D)
  A yaktaur captain (D)
  7 death yaks (D)
  A sun demon (D)
  2 hell knights (D)
  2 deep trolls (D)
  A sea snake (D)
  2 flayed ghosts (D)
  A deep elf pyromancer (D)
  11 orc knights (D)
  2 cyclopes (D)
  2 elephants (D)
  2 unseen horrors (D)
  A gargoyle (D)
  A rime drake (D)
  2 komodo dragons (D)
  5 yaktaurs (D)
  An efreet (D)
  3 ice devils (D)
  2 guardian mummies (D)
  A troll (D)
  A hornet (D)
  4 blink frogs (D)
  A tyrant leech (D)
  A wind drake (D)
  Prince Ribbit (D)
  2 snapping turtles (D)
  A jumping spider (D)
  A spriggan (D)
  A shadow (D)
  A wraith (D)
  A vampire (D)
  3 yaks (D)
  A fire elemental (D)
  3 vampire mosquitoes (D)
  A neqoxec (D)
  2 redbacks (D)
  A warg (D)
  A floating eye (D)
  An orc warrior (D)
  An ogre (D)
  A wolf (D)
  A bullfrog (D)
  A necrophage (D)
  A quasit (D)
  2 hounds (D)
  An orc wizard (D)
  4 gnolls (D)
  An ufetubus (D)
  An adder zombie (D)
  2 worms (D)
  7 orcs (D)
  A ball python (D)
  2 bats (D)
  An endoplasm (D)
  3 giant cockroaches (D)
  A hobgoblin (D)
  4 quokkas (D)
  A kobold (D)
119 creatures vanquished.

Notes
Turn   | Place    | Note
-------+----------+-------------------------------------------
     0 | D        | rocky1 the Naga Warper began the quest for the Orb.
     0 | D        | Reached XP level 1. HP: 19/19 MP: 3/3
    64 | D        | Found a bloodstained altar of Trog.
    64 | D        | Found a shimmering blue altar of Sif Muna.
    64 | D        | Found a viscous altar of Jiyva.
    64 | D        | Found a hazy altar of Hepliaklqana.
    64 | D        | Found an opulent altar of Gozag.
    65 | D        | Found a glowing golden altar of the Shining One.
    65 | D        | Found a glowing silver altar of Zin.
    65 | D        | Found a basalt altar of Yredelemnul.
    65 | D        | Found a shimmering altar of Xom.
    65 | D        | Found an ornate altar of the Wu Jian Council.
    65 | D        | Found a sacrificial altar of Ru.
    65 | D        | Found a stormy altar of Qazlal.
    65 | D        | Found an iron altar of Okawaru.
    65 | D        | Found a sparkling altar of Nemelex Xobeh.
    65 | D        | Found a burning altar of Makhleb.
    65 | D        | Found a blossoming altar of Fedhas.
    65 | D        | Found a white marble altar of Elyvilon.
    65 | D        | Found a shadowy altar of Dithmenos.
    65 | D        | Found a snail-covered altar of Cheibriados.
    68 | D        | Found a corrupted altar of Lugonu.
    68 | D        | Found a radiant altar of Vehumet.
    69 | D        | Found an ancient bone altar of Kikubaaqudgha.
    69 | D        | Found a hide-covered altar of Uskayaw.
    69 | D        | Found a broken altar of Ashenzari.
    76 | D        | Became a worshipper of Cheibriados the Contemplative
   133 | D        | Reached * piety under Cheibriados
   134 | D        | Reached XP level 2. HP: 16/26 MP: 5/5
   387 | D        | Reached ** piety under Cheibriados
   391 | D        | HP: 1/26 [quokka (2)]
   396 | D        | Reached skill level 1 in Stealth
   440 | D        | Reached *** piety under Cheibriados
   441 | D        | Reached skill level 5 in Polearms
   441 | D        | Reached skill level 2 in Stealth
   441 | D        | Reached XP level 3. HP: 12/32 MP: 6/6
   576 | D        | Noticed a necrophage
   590 | D        | Reached skill level 3 in Stealth
   595 | D        | Killed a necrophage
   595 | D        | Reached **** piety under Cheibriados
   596 | D        | Reached skill level 6 in Stealth
   596 | D        | Reached skill level 5 in Invocations
   596 | D        | Reached XP level 4. HP: 36/39 MP: 7/7
   604 | D        | Reached skill level 7 in Stealth
   604 | D        | Reached XP level 5. HP: 38/45 MP: 7/9
   675 | D        | Noticed Prince Ribbit
   681 | D        | Killed Prince Ribbit
   681 | D        | Reached ***** piety under Cheibriados
   682 | D        | Reached skill level 10 in Stealth
   682 | D        | Reached XP level 6. HP: 26/52 MP: 9/11
   773 | D        | Noticed an elephant
   782 | D        | Killed an elephant
   783 | D        | Reached skill level 10 in Polearms
   783 | D        | Reached skill level 13 in Stealth
   783 | D        | Reached XP level 7. HP: 60/60 MP: 11/14
   834 | D        | Paralysed by a floating eye for 3 turns
   841 | D        | Reached skill level 10 in Invocations
   943 | D        | Noticed a death yak
   943 | D        | Noticed a guardian mummy
   945 | D        | Reached ****** piety under Cheibriados
   947 | D        | Killed a guardian mummy
   948 | D        | Reached XP level 8. HP: 69/69 MP: 4/15
   951 | D        | Killed a death yak
   952 | D        | Reached skill level 14 in Stealth
   952 | D        | Reached skill level 5 in Translocations
   966 | D        | Learned a level 2 spell: Blink
   970 | D        | Learned a level 3 spell: Vhi's Electric Charge
   975 | D        | Learned a level 4 spell: Manifold Assault
   979 | D        | Learned a level 3 spell: Lesser Beckoning
   983 | D        | Learned a level 3 spell: Teleport Other
  1033 | D        | Got the +2 scimitar "Sovu" {venom, rN++}
  1108 | D        | Noticed a guardian mummy
  1117 | D        | Killed a guardian mummy
  1118 | D        | Reached skill level 5 in Spellcasting
  1118 | D        | Reached skill level 1 in Air Magic
  1118 | D        | Reached XP level 9. HP: 56/80 MP: 17/17
  1206 | D        | Noticed an elephant
  1207 | D        | Noticed a tyrant leech
  1207 | D        | Noticed an ice devil
  1209 | D        | Reached skill level 15 in Stealth
  1211 | D        | Killed an ice devil
  1218 | D        | Killed an elephant
  1219 | D        | Reached skill level 16 in Stealth
  1223 | D        | Killed a tyrant leech
  1364 | D        | Noticed a flayed ghost
  1370 | D        | Reached XP level 10. HP: 81/87 MP: 13/19
  1373 | D        | Killed a flayed ghost
  1374 | D        | Reached skill level 5 in Air Magic
  1442 | D        | Noticed a death yak
  1442 | D        | Noticed a flayed ghost
  1442 | D        | Noticed an unseen horror
  1444 | D        | Killed a death yak
  1445 | D        | Reached skill level 5 in Fighting
  1445 | D        | Reached skill level 1 in Short Blades
  1456 | D        | Killed an unseen horror
  1457 | D        | Reached skill level 17 in Stealth
  1459 | D        | Killed a flayed ghost
  1794 | D        | Noticed a deep troll
  1795 | D        | Noticed a deep elf pyromancer
  1795 | D        | Gained mutation: Your magical capacity is low. (-10% MP) [a
                  | neqoxec]
  1797 | D        | Killed a deep elf pyromancer
  1862 | D        | Killed a deep troll
  1863 | D        | Reached XP level 11. HP: 99/99 MP: 20/20
  1864 | D        | Reached skill level 18 in Stealth
  1866 | D        | Got the amulet "Unuuh" {Spirit rC- rCorr Str+5 Stlth-}
  1889 | D        | Noticed a cyclops
  1890 | D        | Noticed a sea snake
  1890 | D        | Noticed a cyclops
  1894 | D        | Killed a sea snake
  1895 | D        | Reached skill level 5 in Short Blades
  1910 | D        | Killed a cyclops
  2069 | D        | Killed a cyclops
  2228 | D        | Noticed a deep troll
  2234 | D        | Reached skill level 1 in Armour
  2237 | D        | Killed a deep troll
  2485 | D        | Noticed an eidolon
  2491 | D        | Killed an eidolon
  2631 | D        | Noticed an orc knight
  2637 | D        | Reached XP level 12. HP: 90/112 MP: 11/22
  2790 | D        | Noticed an ancient lich
  2810 | D        | Killed an ancient lich
  2811 | D        | Reached skill level 10 in Fighting
  2811 | D        | Reached skill level 15 in Polearms
  2811 | D        | Reached skill level 5 in Armour
  2811 | D        | Reached skill level 5 in Dodging
  2811 | D        | Reached skill level 15 in Invocations
  2962 | D        | Noticed an emperor scorpion
  2962 | D        | Noticed a death yak
  2962 | D        | Noticed a death yak
  2962 | D        | Noticed a death yak
  2962 | D        | Noticed a death yak
  2962 | D        | Noticed a death yak
  2962 | D        | Noticed a hell knight
  2962 | D        | Noticed a hell knight
  2965 | D        | Killed an emperor scorpion
  2967 | D        | Killed a hell knight
  2968 | D        | Killed a hell knight
  2968 | D        | Killed a death yak
  2968 | D        | Killed a death yak
  2968 | D        | Killed a death yak
  2968 | D        | Killed a death yak
  2968 | D        | Killed a death yak
  2969 | D        | Gained mutation: You can use your snake-like lower body to
                  | constrict enemies. [Naga growth]
  2969 | D        | Reached XP level 13. HP: 85/127 MP: 7/24
  3066 | D        | Got the ring "Vemmaako" {SInv Stlth+}
  3118 | D        | Reached skill level 10 in Spellcasting
  3338 | D        | Noticed an orc warlord
  3338 | D        | Noticed an orc warlord
  3345 | D        | Killed an orc warlord
  3347 | D        | Noticed a yaktaur captain
  3349 | D        | Killed an orc warlord
  3351 | D        | Noticed a frost giant
  3353 | D        | Killed a yaktaur captain
  3354 | D        | Noticed a yaktaur captain
  3356 | D        | Noticed a vault guard
  3359 | D        | Shot with a bolt by a yaktaur captain

Illustrated notes

Levels and vault maps discovered:
D:        pitsprint [storerooms_1, entrance_room_1, metal_vault_1, armoury_1,
          mini_pit_1, grid_room_1, main_hall_1, silver_pit, the_coven_1,
          the_vestibule_1, steel_vault_5, golden_pit, hallway_of_sentries,
          crystal_vault_2, iron_vault_1, final_vault]

Skill      XL: |  1  2  3  4  5  6  7  8  9 10 11 12 13 |
---------------+----------------------------------------+-----
Polearms       | 4 5 6 8 10 11 12 13 14 16 | 16.0
Invocations    | 2 5 7 9 10 11 12 13 14 16 17 | 17.4
Stealth        | 2 6 7 10 13 14 16 17 18 | 18.7
Fighting       | 3 4 6 8 11 12 | 12.7
Spellcasting   | 3 5 6 8 9 11 | 11.3
Translocations | 4 5 7 9 |  9.9
Air Magic      | 1 4 6 8 |  8.2
Short Blades   | 4 5 |  5.9
Armour         | 3 6 8 |  8.4
Dodging        | 3 6 8 |  8.6
Throwing       | |  0.8

Action                   |  1- 3 |  4- 6 |  7- 9 | 10-12 | 13-15 || total
-------------------------+-------+-------+-------+-------+-------++-------
Melee: Spear             |    14 |       |       |       |       ||    14
       Trident           |    45 |    22 |    17 |       |       ||    84
       Punch             |     2 |       |     1 |       |       ||     3
       Halberd           |       |       |    26 |    40 |    22 ||    88
       Rapier            |       |       |       |    15 |       ||    15
       Constrict         |       |       |       |       |     4 ||     4
Invok: Slouch            |       |       |     6 |    18 |    12 ||    36
 Abil: Spit Poison       |     2 |       |       |     1 |     3 ||     6
  Use: Potion            |     2 |     1 |     1 |     3 |     3 ||    10
       Scroll            |       |       |       |       |     1 ||     1
 Stab: Sleeping          |       |     2 |     4 |    13 |       ||    19
Armor: Leather armour    |     4 |       |       |       |       ||     4
       Ring mail         |     4 |     8 |    12 |    25 |     5 ||    54
Dodge: Dodged            |    28 |     9 |    15 |    32 |     8 ||    92

Table legend: (Time is in decaauts)
 A = Elapsed time spent in this place.
 B = Non-inter-level travel time spent in this place.
 C = Inter-level travel time spent in this place.
 D = Time resting spent in this place.
 E = Time spent auto-exploring this place.
 F = Levels seen in this place.
 G = Mean time per level.
                   A        B        C        D        E       F      G
               +--------+--------+--------+--------+--------+-----+--------+
         Total |   4412 |   4369 |     43 |   2300 |      0 |   1 | 4412.0 |
       Dungeon |   4412 |   4369 |     43 |   2300 |      0 |   1 | 4412.0 |
               +--------+--------+--------+--------+--------+-----+--------+

Top non-repeatable levels by time:
       D: 4412 daAuts
